 Dungeon Crawl Stone Soup version 0.22.0-5-gf09313c (webtiles) character file.

642452 Gravenous the Minotaur Barricade (level 27, -8/245 HPs)
             Began as a Minotaur Warper on Aug 13, 2018.
             Was the Champion of Fedhas.
             Mangled by a quicksilver dragon (28 damage)
             ... on level 4 of the Realm of Zot.
             The game lasted 02:24:12 (81928 turns).

Gravenous the Minotaur Barricade (Minotaur Warper) Turns: 81928, Time: 02:24:13

Health: -8/245     AC: 33    Str: 27    XL:     27
Magic:  26/26      EV: 10    Int: 14    God:    Fedhas [******]
Gold:   4125       SH: 37    Dex: 12    Spells: 28/28 levels left

rFire    + . .     SeeInvis +   A - +9 Maxwell's thermic engine {flame, freeze}
rCold    + . .     Gourm    +   G - +10 large shield of Ignorance {rN+ Int-4}
rNeg     + . .     Faith    .   U - +2 plate armour {rC+}
rPois    +         Spirit   .   H - +1 hat
rElec    +         Reflect  .   r - +0 cloak {rPois}
rCorr    .         Harm     .   s - +1 pair of gloves
MR       +++..     Clarity  +   O - +1 pair of boots "Jecoovv Uxyr" {-Cast Int+4 Slay+3 SInv} Stlth ..........NoCast +
                                p - amulet of Xugybeic {Gourm rElec Int+4}
HPRegen  0.50/turn              i - ring of protection from fire
MPRegen  0.20/turn              Q - ring of protection from magic

@: slowed, studying 2 skills, very slow
A: retaliatory headbutt, hooves 1, horns 2, clarity, frail 1, low mp 1
}: 4/15 runes: decaying, serpentine, slimy, silver
a: Fungal Bloom, Sunlight, Evolution, Growth, Reproduction, Rain, Renounce
Religion


You were on level 4 of the Realm of Zot.
You worshipped Fedhas.
Fedhas was exalted by your worship.
You were not hungry.

You visited 10 branches of the dungeon, and saw 51 of its levels.

You collected 5623 gold pieces.
You spent 1498 gold pieces at shops.

Inventory:

Hand Weapons
 d - a +9 double sword of flaming
 A - the +9 Maxwell's thermic engine (weapon) {flame, freeze}
   (You found it on level 5 of the Pits of Slime)

   It has been specially enchanted to burn those struck by it, causing extra
   injury to most foes and up to half again as much damage against particularly
   susceptible opponents.
   Big, fiery blades are also staple armaments of hydra-hunters.
Missiles
 e - 5 tomahawks of dispersal (quivered)
 x - 3 throwing nets
Armour
 r - a +0 cloak of poison resistance (worn)
 s - a +1 pair of gloves (worn)
 G - the +10 large shield of Ignorance (worn) {rN+ Int-4}
   (You found it on level 12 of the Dungeon)

   It affects your intelligence (-4).
   It protects you from negative energy.
 H - a +1 hat (worn)
 O - the +1 pair of boots "Jecoovv Uxyr" (worn) {-Cast Int+4 Slay+3 SInv}
   (You found it on level 15 of the Dungeon)

   It affects your intelligence (+4).
   It affects your accuracy and damage with ranged weapons and melee attacks
   (+3).
   It lets you see invisible.
   It prevents spellcasting.
 U - a +2 plate armour of cold resistance (worn)
Jewellery
 b - a ring of the Octopus King {Wiz AC+1 EV+1 Str+1 Int+1 Dex+1}
   (You took it off a frost giant on level 4 of the Depths)

   [ring of wizardry]

   It improves your spell success rate.
   It affects your AC (+1).
   It affects your evasion (+1).
   It affects your strength (+1).
   It affects your intelligence (+1).
   It affects your dexterity (+1).
 c - the ring of Mistrust {*Corrode rF+ MR+ Str+3 Dex+4}
   (You found it on level 2 of the Realm of Zot)

   [ring of dexterity]

   It affects your strength (+3).
   It affects your dexterity (+4).
   It protects you from fire.
   It affects your resistance to hostile enchantments.
   It may corrode you when you take damage.
 i - a ring of protection from fire (left hand)
 p - the amulet of Xugybeic (around neck) {Gourm rElec Int+4}
   (You bought it in a shop on level 2 of the Orcish Mines)

   [amulet of the gourmand]

   It allows you to eat raw meat even when not hungry.
   It affects your intelligence (+4).
   It insulates you from electricity.
 D - an uncursed ring of positive energy
 Q - a ring of protection from magic (right hand)
 W - an uncursed ring of protection from cold
Wands
 n - a wand of paralysis (59)
 M - a wand of iceblast (9)
 P - a wand of digging (18)
 V - a wand of acid (16)
Scrolls
 h - 4 scrolls of fear
 o - 12 scrolls of teleportation
 t - 12 scrolls of enchant armour
 u - 30 scrolls of remove curse
 v - 3 scrolls of fog
 y - 6 scrolls of magic mapping
 C - 13 scrolls of identify
 F - a scroll of holy word
 Z - 4 scrolls of blinking
Potions
 a - 2 potions of might
 g - 4 potions of cancellation
 j - 18 potions of curing
 k - 8 potions of brilliance
 l - 9 potions of flight
 m - 2 potions of resistance
 q - a potion of haste
 z - a potion of heal wounds
 B - a potion of ambrosia
 E - 4 potions of mutation
 I - a potion of invisibility
 N - 3 potions of agility
 T - 2 potions of magic
Books
 L - a manual of Invocations
 X - a manual of Stealth
Miscellaneous
 w - 2 phantom mirrors
 J - a phial of floods
 K - a sack of spiders
 R - a fan of gales
 S - 2 boxes of beasts
 Y - a lamp of fire
Comestibles
 f - 27 rations


   Skills:
 O Level 27 Fighting
 * Level 24.2 Long Blades
 - Level 1.0 Throwing
 O Level 27 Armour
 - Level 2.1 Dodging
 O Level 27 Shields
 - Level 1.3 Spellcasting
   Level 2.1 Translocations
 - Level 10.6 Invocations
 - Level 10.0 Evocations


You had 28 spell levels left.
You didn't know any spells.
Your spell library contained the following spells:

 Spells                   Type           Power        Failure   Level  Hunger
 Cause Fear               Hex            #.........   100%        4    #####..
 Fireball                 Conj/Fire      #.........   100%        5    ######.
 Apportation              Tloc           #.....       30%         1    ##.....
 Conjure Flame            Conj/Fire      #.......     92%         3    ####...
 Bolt of Fire             Conj/Fire      #.........   100%        6    #######
 Bolt of Cold             Conj/Ice       #.........   100%        6    #######
 Bolt of Magma            Conj/Fire/Erth #.........   100%        5    ######.
 Confuse                  Hex            #.......     92%         3    ####...
 Invisibility             Hex            #.......     100%        6    #######
 Freezing Cloud           Conj/Ice/Air   #.........   100%        6    #######
 Ring of Flames           Chrm/Fire      #.........   100%        7    #######
 Teleport Other           Tloc           #.......     67%         3    ####...
 Summon Small Mammal      Summ           #...         58%         1    ##.....
 Bolt of Draining         Conj/Necr      #.........   100%        5    ######.
 Blink                    Tloc           N/A          43%         2    ###....
 Animate Dead             Necr           N/A          100%        4    #####..
 Pain                     Necr           #...         58%         1    ##.....
 Animate Skeleton         Necr           N/A          58%         1    ##.....
 Vampiric Draining        Necr           #.........   92%         3    ####...
 Ozocubu's Refrigeration  Ice            #.........   100%        6    #######
 Sticky Flame             Conj/Fire      #.......     100%        4    #####..
 Summon Ice Beast         Ice/Summ       #.......     100%        4    #####..
 Dispel Undead            Necr           #.......     100%        5    ######.
 Regeneration             Chrm/Necr      #.........   92%         3    ####...
 Sublimation of Blood     Necr           #.........   75%         2    ###....
 Tukima's Dance           Hex            #.......     92%         3    ####...
 Summon Demon             Summ           #.........   100%        5    ######.
 Corpse Rot               Necr           N/A          75%         2    ###....
 Iron Shot                Conj/Erth      #.........   100%        6    #######
 Stone Arrow              Conj/Erth      #.....       92%         3    ####...
 Recall                   Summ/Tloc      N/A          82%         3    ####...
 Agony                    Necr           #.......     100%        5    ######.
 Spider Form              Tmut/Pois      #.........   92%         3    ####...
 Blade Hands              Tmut           #.........   100%        5    ######.
 Statue Form              Tmut/Erth      #........    100%        6    #######
 Ice Form                 Ice/Tmut       #.......     100%        4    #####..
 Dragon Form              Tmut           #.........   100%        7    #######
 Death Channel            Necr           #.........   100%        6    #######
 Deflect Missiles         Chrm/Air       #.........   100%        6    #######
 Airstrike                Air            #.........   100%        4    #####..
 Confusing Touch          Hex            #.....       58%         1    ##.....
 Flame Tongue             Conj/Fire      #....        58%         1    ##.....
 Passwall                 Tmut/Erth      #.......     75%         2    ###....
 Ignite Poison            Fire/Tmut/Pois #.......     92%         3    ####...
 Sticks to Snakes         Tmut           #.......     75%         2    ###....
 Call Canine Familiar     Summ           #.......     92%         3    ####...
 Metabolic Englaciation   Hex/Ice        #.........   100%        5    ######.
 Summon Butterflies       Summ           #.......     58%         1    ##.....
 Silence                  Hex/Air        #.........   100%        5    ######.
 Shatter                  Erth           #.........   100%        9    #######
 Alistair's Intoxication  Tmut/Pois      #.......     100%        5    ######.
 Lee's Rapid Deconstruct  Erth           #.........   100%        5    ######.
 Sandblast                Erth           #.....       58%         1    ##.....
 Simulacrum               Ice/Necr       #.........   100%        6    #######
 Conjure Ball Lightning   Conj/Air       #.........   100%        6    #######
 Excruciating Wounds      Chrm/Necr      #.........   100%        5    ######.
 Petrify                  Tmut/Erth      #.......     100%        4    #####..
 Passage of Golubria      Tloc           N/A          97%         4    #####..
 Tornado                  Air            #.........   100%        9    #######
 Leda's Liquefaction      Hex/Erth       #.........   100%        4    #####..
 Summon Hydra             Summ           #.........   100%        7    #######
 Shroud of Golubria       Chrm/Tloc      #.........   58%         2    ###....
 Beastly Appendage        Tmut           #.....       58%         1    ##.....
 Iskenderun's Battlesphe  Conj/Chrm      #.......     100%        5    ######.
 Infusion                 Chrm           #...         58%         1    ##.....
 Song of Slaying          Chrm           #.......     75%         2    ###....
 Spectral Weapon          Hex/Chrm       #.......     92%         3    ####...
 Discord                  Hex            #.........   100%        8    #######
 Summon Lightning Spire   Summ/Air       #.......     100%        4    #####..
 Dragon's Call            Summ           #.........   100%        9    #######
 Summon Mana Viper        Hex/Summ       #.......     100%        5    ######.
 Gell's Gravitas          Tloc           #.........   67%         3    ####...
 Yara's Violent Unravell  Hex/Tmut       #.........   100%        5    ######.
 Lesser Beckoning         Tloc           #.........   67%         3    ####...
 Ignition                 Fire           #.........   100%        8    #######
 Borgnjor's Vile Clutch   Necr/Erth      #.........   100%        5    ######.


Dungeon Overview and Level Annotations

Branches:
Dungeon (15/15)            Temple (1/1) D:4            Lair (6/6) D:9
  Swamp (4/4) Lair:2        Snake (4/4) Lair:3        Slime (5/5) Lair:6
    Orc (2/2) D:12            Elf (0/3) Orc:2        Vaults (5/5) D:13
  Crypt (0/3) Vaults:3     Depths (5/5) D:15            Zot (4/5) Depths:5

Altars:
Dithmenos
Elyvilon
Fedhas
Gozag
Hepliaklqana
Kikubaaqudgha
Makhleb
Nemelex Xobeh
Okawaru
Qazlal
Ru
Sif Muna
Trog
Uskayaw
Wu Jian
Xom
Yredelemnul
Zin
The Shining One
Beogh
Jiyva

Shops:
D:5 *   Orc:2 [=*%   Vaults:2 [

Portals:
Hell: Depths:1 Depths:2 Depths:3 Depths:4 Depths:5
Abyss: Depths:2 Depths:4
Pandemonium: Depths:1 Depths:2 Depths:3 Depths:4 Depths:5
Ziggurat: Depths:2

Annotations:
D:8 Grum
D:12 1 runed door, exclusions: door and 3 orange crystal statues
Snake:3 exclusion: Roxanne, Roxanne
Orc:2 2 transporters, biddum's ghost, journeyman DsFi
Vaults:2 1 runed door, Ynyr's ghost, adept MfSk
Zot:4 , 1 transporter


Innate Abilities, Weirdness & Mutations

You reflexively headbutt those who attack you in melee.
You have a pair of horns on your head.
You have large cloven feet.
You possess an exceptional clarity of mind.
You are frail. (-10% HP)
Your magical capacity is low. (-10% MP)


Message History

You block the death cob's attack.
The power of Zot is invoked against you!
You feel your flesh rotting away!
The deathcap draws from the surrounding life force!
* * * LOW HITPOINT WARNING * * *
The deathcap is healed.
You feel much better.
You hear a loud "Zot"!
You block the death cob's attack.
You block the quicksilver dragon's attack. x2
The death cob hits you but does no damage.
The quicksilver dragon bites you but does no damage.
The quicksilver dragon claws you but does no damage.
The moth of wrath bites you but does no damage.
The death cob hits you but does no damage.
The wandering mushroom releases spores at the deathcap.
The deathcap releases spores at the wandering mushroom!
The quicksilver dragon bites you!!
You die...
Fedhas appreciates your contribution to the ecosystem.

.#..##..#####..##..#..#
#..#####
....##....#.....#..#..####..#
#
..^.###................##..##
....# #........©..(..#..#.##
#...###..#############....#
#....##..# ##### ##...#
..#...#..# ######### #....#
..##...### #..^©^..# ##.#.##
..##...# #f^.z@^.# ###.)# #
..##..## ##fz.Dy..# #..## #
.##...# #f§##y##.^# ##..#####
.##...# #.f§^^...^..#
#....#.. †#....#
#^.##.#^#.##.^# #.......
.#....# ##. ^^^^^....##
###...... ......# #
#^#^#.#.#.# #....###. #.....#
#.......# #..### ## #.....#
... #..#


You could see a curse toe, a death cob, a quicksilver dragon (berserk), a
deathcap, 2 moths of wrath and 3 neutral wandering mushrooms.

Vanquished Creatures
  the Royal Jelly (Slime:5)
  3 juggernauts
  The ghost of Mepagh the Slayer, a legendary KoAK of Lugonu (Zot:4)
  the Lernaean hydra (Swamp:4)
  3 curse toes
  Vashnia (Snake:2)
  Saint Roka (Depths:4)
  7 caustic shrikes (Depths:4)
  Frederick (Vaults:4)
  5 golden dragons
  Jory (Depths:2)
  A bone dragon (Depths:5)
  Nikola (Depths:1)
  4 electric golems
  3 liches
  10 tentacled monstrosities
  Asterion (Depths:2)
  6 titans
  3 quicksilver dragons
  14 acid blobs
  6 sphinxes
  12 death cobs
  Kirke (Snake:2)
  Agnes (D:14)
  15 storm dragons
  9 shadow dragons
  6 tengu reavers
  5 azure jellies
  8 nagarajas (Snake:4)
  6 draconian knights
  5 ghost moths
  17 draconian monks
  A deep elf sorcerer (Vaults:1)
  10 frost giants
  10 fire giants
  Louise (Snake:2)
  19 vault wardens
  A balrug (Depths:3)
  8 draconian stormcallers
  An orc warlord (D:12)
  4 draconian annihilators
  7 draconian scorchers
  A deep elf elementalist (Vaults:5)
  5 iron dragons
  15 ironheart preservers
  11 draconian shifters
  2 war gargoyles
  2 caustic shrike skeletons (Depths:3)
  15 stone giants
  24 very ugly things
  5 deep elf annihilators
  2 entropy weavers
  4 juggernaut skeletons
  14 black draconians
  12 white draconians
  17 green draconians
  7 vampire knights
  4 deep elf demonologists
  8 purple draconians
  8 red draconians
  14 yellow draconians
  5 deep elf death magi
  9 death oozes
  6 ettins
  19 ogre magi
  2 green deaths (Swamp:4)
  8 fire dragons
  13 yaktaur captains
  A quicksilver dragon skeleton (Depths:3)
  A merfolk impaler (Depths:3)
  11 great orbs of eyes
  35 vault guards
  2 deep elf high priests
  15 naga warriors
  13 ice dragons
  A ghost crab (Swamp:3)
  A monstrous demonspawn (Depths:3)
  28 hydras
  A hell beast (Swamp:4)
  4 rakshasas
  4 catoblepae
  A merfolk avatar (Lair:6)
  8 centaur warriors
  4 spriggan air magi
  2 dancing weapons
  A death knight (Vaults:1)
  5 anacondas
  5 tengu warriors
  63 two-headed ogres
  16 deep troll earth magi
  A vampire mage (Depths:1)
  4 spriggan berserkers
  5 deep troll shamans
  2 thrashing horrors (Swamp:4)
  11 alligators
  13 naga sharpshooters
  4 death yaks (Lair:3)
  11 shock serpents
  8 orc high priests
  5 hell knights
  4 deep elf knights
  A titan skeleton (Depths:3)
  5 salamander mystics
  2 iron trolls
  2 sixfirhies (Zot:2)
  8 shadow wraiths
  2 sea snakes (Lair:5)
  7 glowing orange brains
  19 skeletal warriors
  36 deep trolls
  A death drake (shapeshifter) (Depths:4)
  4 spriggan druids
  A storm dragon skeleton (Depths:3)
  7 swamp dragons
  5 wizards
  4 flayed ghosts
  3 unseen horrors
  7 deep elf archers
  8 phantasmal warriors
  17 ironbrand convokers
  9 mana vipers
  5 naga ritualists
  2 shadow dragon skeletons (Depths:3)
  12 harpies
  8 necromancers
  A stone giant zombie (Vaults:4)
  7 wolf spiders
  10 orc knights
  An orc sorcerer (Vaults:4)
  A shining eye (Slime:3)
  A mana viper (shapeshifter) (Vaults:3)
  14 deep elf magi
  21 moths of wrath
  5 manticores
  53 ugly things
  10 salamanders
  2 shining eyes (shapeshifter)
  2 iron dragon skeletons (Depths:3)
  7 frost giant skeletons
  A sphinx skeleton (Depths:2)
  2 fire giant skeletons
  9 cyclopes
  A stone giant skeleton (Depths:2)
  2 torpor snails
  3 guardian serpents
  Joseph (D:10)
  4 elephants
  29 black mambas
  2 eyes of devastation (Slime:3)
  19 naga magi
  2 orange demons (Swamp:4)
  17 vault sentinels
  5 gargoyles
  19 spiny frogs
  4 elf skeletons
  A kobold demonologist (D:12)
  A rime drake (shapeshifter) (Depths:5)
  7 rime drakes
  2 spriggan skeletons (Depths:3)
  2 spiny frogs (shapeshifter)
  4 freezing wraiths
  70 yaktaurs
  13 komodo dragons
  A yaktaur (shapeshifter) (Vaults:1)
  3 trolls
  2 red devils (Depths:3)
  17 hornets
  5 polar bears
  2 tengu conjurers
  13 tyrant leeches
  An ettin zombie (Vaults:2)
  A harpy skeleton (D:15)
  2 raiju (Zot:2)
  Prince Ribbit (D:7)
  102 slime creatures
  11 blink frogs
  14 hippogriffs
  A raiju (shapeshifter) (Vaults:1)
  7 bog bodies
  11 dream sheep
  A frost giant simulacrum (Vaults:1)
  A dream sheep (shapeshifter) (D:15)
  11 flying skulls (Depths:3)
  A tarantella (shapeshifter) (Vaults:4)
  2 stone giant simulacra
  A ynoxinul (Depths:3)
  5 water elementals
  9 shadows
  13 spriggans
  A vampire (D:12)
  3 redbacks (Vaults:3)
  5 wyverns
  4 spriggans (shapeshifter)
  A tarantella (Vaults:4)
  An ettin skeleton (Depths:2)
  15 wraiths
  38 yaks
  2 yaks (shapeshifter)
  2 basilisks
  2 hogs (Snake:3)
  5 hungry ghosts
  7 golden eyes
  A yaktaur simulacrum (Vaults:2)
  A steam dragon (D:13)
  19 humans (D:13)
  2 small abominations
  11 wargs
  36 vampire mosquitoes
  70 nagas
  19 insubstantial wisps
  A swamp worm (shapeshifter) (D:14)
  12 swamp worms
  14 water moccasins
  3 acid dragons
  7 porcupines
  3 sky beasts
  46 orc warriors
  5 swamp drakes
  2 eyes of draining (shapeshifter)
  3 eyes of draining
  A black bear (D:9)
  8 ice beasts
  44 ogres
  A boggart (shapeshifter) (Depths:2)
  4 wolves
  18 crocodiles
  20 centaurs
  4 big kobolds
  7 human skeletons
  10 bullfrogs
  A wyvern skeleton (D:12)
  A water moccasin skeleton (D:4)
  3 scorpions
  3 killer bees (D:12)
  7 wights
  A killer bee (shapeshifter) (Vaults:1)
  5 troll skeletons (D:12)
  6 electric eels
  11 crimson imps
  A quasit (D:10)
  A bullfrog zombie (D:6)
  3 centaur zombies
  A jelly (D:5)
  8 hounds
  A bullfrog skeleton (D:12)
  46 orc priests
  5 centaur skeletons
  An iron imp (Depths:5)
  An iguana (D:12)
  41 orc wizards
  5 lightning spires (Zot:2)
  11 worker ants
  A hound zombie (D:7)
  3 ogre skeletons (D:12)
  A worker ant zombie (D:11)
  9 adders
  4 gnolls
  3 shadow imps
  A white imp (Vaults:4)
  5 dart slugs
  3 worms
  7 leopard geckos
  134 orcs
  3 ball pythons
  2 giant cockroaches
  2 hobgoblins
  10 jackals
  4 quokkas
  11 bats
  3 frilled lizards
  6 goblins
  6 goblin skeletons (D:12)
  A hobgoblin skeleton (D:12)
  17 kobolds
  17 orc skeletons
  An orc zombie (D:12)
  A quokka skeleton (D:5)
  2 rats
  A crawling corpse (Vaults:5)
2390 creatures vanquished.

Vanquished Creatures (collateral kills)
  2 caustic shrikes (Depths:4)
  A golden dragon (Vaults:4)
  The ghost of Ysaheo the Acrobat, an adept MfSk of Okawaru (Vaults:4)
  A shadow dragon (Vaults:4)
  An azure jelly (Slime:5)
  A fire giant (Depths:4)
  7 vault guards (Vaults:4)
  A spriggan air mage (Depths:2)
  A flayed ghost (Depths:4)
  A deep troll (Vaults:4)
  A hornet (Depths:2)
  A spriggan (Depths:2)
  A warg (Vaults:4)
20 creatures vanquished.

Vanquished Creatures (others)
  A thorn hunter (Swamp:3)
  2 black draconians (Zot:2)
  A hydra (Swamp:3)
  A ghost crab (Swamp:3)
  A shock serpent (Zot:2)
  A spark wasp zombie (Depths:2)
  2 spriggan druids
  A deep elf mage (Vaults:1)
  An oklob plant (Depths:4)
  A moth of wrath (Zot:2)
  A spiny frog (Swamp:3)
  A tyrant leech (Swamp:3)
  2 hornets
  A hippogriff (Lair:2)
  2 wandering mushrooms (Depths:4)
  3 spriggans
  3 humans (Snake:3)
  A naga (Snake:4)
  2 insubstantial wisps (Swamp:3)
  A swamp drake (Swamp:4)
  2 ogres
  A crocodile (Lair:2)
  5 ball lightnings (Zot:2)
  2 orcs (Orc:1)
  21 fungi
  54 plants
  507 toadstools
621 creatures vanquished.

Grand Total: 3031 creatures vanquished

Notes
Turn   | Place    | Note
-------+----------+-------------------------------------------
     0 | D:1      | Gravenous the Minotaur Warper began the quest for the Orb.
     0 | D:1      | Reached XP level 1. HP: 18/18 MP: 1/1
   120 | D:1      | Reached XP level 2. HP: 25/25 MP: 3/3
   703 | D:2      | Reached XP level 3. HP: 31/31 MP: 4/4
  1130 | D:2      | Reached XP level 4. HP: 19/38 MP: 5/5
  2156 | D:3      | Noticed a centaur
  2163 | D:3      | Killed a centaur
  2163 | D:3      | Reached skill level 5 in Long Blades
  2163 | D:3      | Reached XP level 5. HP: 39/46 MP: 6/6
  2682 | D:4      | Noticed an ogre
  2693 | D:4      | Killed an ogre
  2693 | D:4      | Reached XP level 6. HP: 25/53 MP: 7/7
  3018 | D:4      | Found a shimmering altar of Xom.
  3123 | D:4      | Reached skill level 5 in Fighting
  3251 | D:4      | Reached XP level 7. HP: 30/61 MP: 8/8
  3520 | D:4      | Found a staircase to the Ecumenical Temple.
  3709 | D:5      | Entered Level 5 of the Dungeon
  3867 | D:5      | Reached skill level 5 in Armour
  4356 | D:5      | Found Zauxtum's General Store.
  4385 | D:5      | Reached XP level 8. HP: 67/70 MP: 9/9
  4760 | D:6      | Got a crystal morningstar
  4761 | D:6      | Identified the +6 morningstar "Buikk" {venom, MR+} (You found it on level 6 of the Dungeon)
  4948 | D:6      | Reached skill level 10 in Long Blades
  5071 | D:6      | Reached XP level 9. HP: 46/79 MP: 6/10
  6672 | Temple   | Entered the Ecumenical Temple
  6707 | Temple   | Became a worshipper of Fedhas Madash
  6857 | D:8      | Noticed Prince Ribbit
  6895 | D:7      | Killed Prince Ribbit
  6907 | D:7      | Paralysed by a hornet for 2 turns
  7480 | D:8      | Noticed Grum
  7518 | D:9      | Reached XP level 10. HP: 28/91 MP: 3/11
  7523 | D:9      | Noticed an elephant
  7536 | D:9      | Killed an elephant
  7642 | D:9      | Found a staircase to the Lair.
  7871 | D:9      | Reached * piety under Fedhas
  8462 | D:9      | Found a white marble altar of Elyvilon.
  8673 | D:10     | Entered Level 10 of the Dungeon
  8917 | D:10     | Noticed a two-headed ogre
  8930 | D:10     | Killed a two-headed ogre
  8930 | D:10     | Reached skill level 10 in Fighting
  9379 | D:10     | Noticed a gargoyle
  9391 | D:10     | Killed a gargoyle
 10016 | D:10     | Reached skill level 10 in Armour
 10034 | D:10     | Noticed Joseph
 10249 | D:10     | Killed Joseph
 10787 | D:11     | Noticed a green ugly thing
 10807 | D:11     | Killed a green ugly thing
 10807 | D:11     | Reached XP level 11. HP: 45/101 MP: 9/12
 11233 | D:11     | Noticed a five-headed hydra
 11234 | D:11     | Reached ** piety under Fedhas
 11245 | D:11     | Killed a five-headed hydra
 11277 | D:11     | Noticed a two-headed ogre
 11284 | D:11     | Killed a two-headed ogre
 11425 | D:11     | Noticed a cyan ugly thing
 11441 | D:11     | Killed a cyan ugly thing
 12279 | D:12     | Noticed a tengu warrior
 12279 | D:12     | Noticed a deep elf mage
 12282 | D:12     | Noticed a centaur warrior
 12285 | D:12     | Killed a deep elf mage
 12295 | D:12     | Killed a tengu warrior
 12295 | D:12     | Killed a centaur warrior
 12519 | D:12     | Found a staircase to the Orcish Mines.
 12520 | D:12     | Reached *** piety under Fedhas
 13163 | D:12     | Reached XP level 12. HP: 40/118 MP: 10/13
 13381 | D:12     | Noticed a six-headed hydra
 13421 | D:12     | Reached skill level 15 in Fighting
 13457 | D:12     | Found a runed door.
 13462 | D:12     | Found the +10 large shield of Ignorance {rN+ Int-4}
 13480 | D:12     | Found a runed door.
 13537 | D:12     | Identified a scroll of acquirement
 13564 | D:12     | Killed a six-headed hydra
 13759 | D:12     | Reached **** piety under Fedhas
 13859 | D:12     | Noticed an eight-headed hydra
 13869 | D:12     | Killed an eight-headed hydra
 14451 | D:13     | Noticed an eight-headed hydra
 14471 | D:13     | Killed an eight-headed hydra
 14471 | D:13     | Reached skill level 5 in Shields
 14779 | D:13     | Noticed a six-headed hydra
 14789 | D:13     | Killed a six-headed hydra
 15803 | D:13     | Found a gate to the Vaults.
 15803 | D:13     | Noticed a vault guard
 15803 | D:13     | Noticed a vault guard
 15834 | D:13     | Killed a vault guard
 15842 | D:13     | Killed a vault guard
 15852 | D:13     | Reached skill level 10 in Shields
 16180 | D:13     | Got a jewelled long sword
 16181 | D:13     | Identified the +1 long sword of Doom {drain, *Drain +Inv rF+ Int+7 Stlth-} (You found it on level 13 of the Dungeon)
 16283 | D:14     | Noticed a five-headed hydra
 16349 | D:14     | Reached XP level 13. HP: 116/129 MP: 12/14
 17326 | D:14     | Noticed Agnes
 17517 | D:14     | Killed Agnes
 17837 | D:15     | Entered Level 15 of the Dungeon
 18100 | D:15     | Found a sacrificial altar of Ru.
 18230 | D:15     | Got a pair of brightly glowing boots
 18241 | D:15     | Identified the +1 pair of boots "Jecoovv Uxyr" {-Cast Int+4 Slay+3 SInv} (You found it on level 15 of the Dungeon)
 19488 | D:15     | Found a staircase to the Depths.
 19687 | Lair:1   | Entered Level 1 of the Lair of Beasts
 19801 | Lair:1   | Reached ***** piety under Fedhas
 19829 | Lair:1   | Reached XP level 14. HP: 140/140 MP: 15/15
 20432 | Lair:2   | Found a staircase to the Swamp.
 21192 | Lair:3   | Found a staircase to the Snake Pit.
 21313 | Lair:3   | Reached skill level 15 in Shields
 22377 | Lair:4   | Reached ****** piety under Fedhas
 22434 | Lair:4   | Found a runed door.
 24067 | Lair:6   | Entered Level 6 of the Lair of Beasts
 24324 | Lair:5   | Reached XP level 15. HP: 129/150 MP: 13/16
 24604 | Lair:6   | Found a viscous altar of Jiyva.
 24604 | Lair:6   | Found a staircase to the Slime Pits.
 26276 | Orc:1    | Entered Level 1 of the Orcish Mines
 26473 | Orc:2    | Entered Level 2 of the Orcish Mines
 26473 | Orc:2    | Noticed an orc warlord
 26570 | D:12     | Killed an orc warlord
 27111 | Orc:2    | Found a transporter.
 27111 | Orc:2    | Noticed biddum's ghost (journeyman DsFi)
 27121 | Orc:2    | Found a transporter.
 29405 | Orc:2    | Found Qaps's Assorted Antiques.
 29405 | Orc:2    | Found Nyj Zics's Food Shop.
 29526 | Orc:2    | Found a roughly hewn altar of Beogh.
 30138 | Orc:2    | Found Niothraso's Armour Emporium.
 30138 | Orc:2    | Found Igikuq's Jewellery Shop.
 30152 | Orc:2    | Bought the amulet of Xugybeic {Gourm rElec Int+4} for 838 gold pieces
 30196 | Orc:2    | Bought a runed scimitar for 182 gold pieces
 30232 | Orc:2    | Found a staircase to the Elven Halls.
 30243 | Orc:2    | Found a roughly hewn altar of Beogh.
 30479 | Snake:1  | Entered Level 1 of the Snake Pit
 31260 | Snake:1  | Reached XP level 16. HP: 150/162 MP: 17/17
 31751 | Snake:2  | Noticed Louise
 31849 | Snake:2  | Killed Louise
 32904 | Snake:3  | Noticed Vashnia
 33052 | Snake:2  | Killed Vashnia
 33312 | Snake:3  | Noticed Kirke
 33431 | Snake:2  | Killed Kirke
 34362 | Snake:3  | Noticed Roxanne
 34476 | Snake:4  | Entered Level 4 of the Snake Pit
 35031 | Snake:4  | Reached XP level 17. HP: 120/170 MP: 18/18
 36693 | Snake:4  | Got a serpentine rune of Zot
 36891 | Swamp:1  | Entered Level 1 of the Swamp
 39856 | Swamp:4  | Entered Level 4 of the Swamp
 39960 | Swamp:3  | Reached XP level 18. HP: 76/178 MP: 19/19
 40414 | Swamp:4  | Reached skill level 1 in Evocations
 41325 | Swamp:4  | Noticed the 27-headed Lernaean hydra
 41761 | Orc:2    | Bought a scroll of teleportation for 78 gold pieces
 41795 | Orc:2    | Bought an uncursed ring of protection from fire for 400 gold pieces
 41891 | Vaults:1 | Entered Level 1 of the Vaults
 42914 | Vaults:1 | Reached skill level 5 in Evocations
 44181 | Vaults:1 | Reached XP level 19. HP: 164/191 MP: 22/22
 44363 | Vaults:1 | Identified the +2 pair of boots of Autotheism {Slay+3} (You found it on level 1 of the Vaults)
 46179 | Vaults:2 | Noticed a Brimstone Fiend
 47131 | Vaults:2 | Noticed Ynyr's ghost (adept MfSk)
 47132 | Vaults:2 | Found a runed door.
 47434 | Vaults:2 | Found Heelacw's Armour Shop.
 48743 | Vaults:2 | Paralysed by a great orb of eyes for 7 turns
 49139 | Vaults:2 | Reached XP level 20. HP: 180/204 MP: 25/25
 50473 | Vaults:3 | Found a staircase to the Crypt.
 50473 | Vaults:3 | Found a basalt altar of Yredelemnul.
 50474 | Vaults:3 | Found an ancient bone altar of Kikubaaqudgha.
 51672 | Vaults:4 | Reached skill level 15 in Armour
 51699 | Vaults:4 | Found a runed door.
 51712 | Vaults:4 | Noticed Ysaheo's ghost (adept MfSk)
 52164 | Vaults:4 | Noticed Frederick
 52179 | Vaults:4 | Killed Frederick
 53637 | Swamp:4  | Killed the 23-headed Lernaean hydra
 53637 | Swamp:4  | Reached skill level 10 in Evocations
 53698 | Swamp:4  | Reached XP level 21. HP: 201/215 MP: 27/27
 53749 | Swamp:4  | Reached skill level 15 in Long Blades
 53780 | Swamp:4  | Got a decaying rune of Zot
 54470 | Depths:1 | Entered Level 1 of the Depths
 54726 | Depths:1 | Found a gateway to Hell.
 54770 | Depths:1 | Noticed Nikola
 54789 | Depths:1 | Killed Nikola
 54986 | Depths:1 | Identified the +4 plate armour "Zibatt" {Str+3} (You found it on level 1 of the Depths)
 55387 | Depths:1 | Found a one-way gate leading to the halls of Pandemonium.
 56053 | Depths:2 | Found a gateway to a ziggurat.
 56113 | Depths:2 | Noticed Asterion
 56140 | Depths:2 | Killed Asterion
 56735 | Depths:2 | Noticed Jory
 56756 | Depths:2 | Killed Jory
 57855 | Depths:2 | Found a one-way gate to the infinite horrors of the Abyss.
 58106 | Depths:3 | Reached XP level 22. HP: 217/224 MP: 28/28
 58646 | Depths:3 | Noticed a juggernaut
 58663 | Depths:3 | Killed a juggernaut
 59379 | Depths:3 | Got a fine iron ring
 59563 | Depths:3 | Found the +3 Elemental Staff {rElec rF++ rC++ MR++ AC+5}
 59808 | Depths:3 | Identified the ring "Xyhem" {rPois rC- rN+ Dex+4 Stlth+} (You found it on level 3 of the Depths)
 60447 | Depths:4 | Noticed Saint Roka
 60519 | Depths:4 | Killed Saint Roka
 60853 | Depths:4 | Gained mutation: You tend to lose your temper in combat. [a shining eye]
 61295 | Depths:4 | Reached XP level 23. HP: 183/231 MP: 29/29
 61299 | Depths:4 | Lost mutation: You tend to lose your temper in combat. [potion of mutation]
 61299 | Depths:4 | Gained mutation: You have large cloven feet. [potion of mutation]
 61299 | Depths:4 | Gained mutation: You possess an exceptional clarity of mind. [potion of mutation]
 61458 | Depths:4 | Noticed a juggernaut
 61462 | Depths:4 | Noticed a juggernaut
 61464 | Depths:4 | Noticed a caustic shrike
 61872 | Depths:4 | Killed a juggernaut
 62143 | Depths:4 | Noticed a caustic shrike
 62160 | Depths:4 | Noticed a caustic shrike
 62168 | Depths:4 | Noticed a caustic shrike
 62172 | Depths:4 | Killed a caustic shrike
 62174 | Depths:4 | Killed a caustic shrike
 62174 | Depths:4 | Noticed a caustic shrike
 62180 | Depths:4 | Killed a caustic shrike
 62781 | Depths:4 | Got a ring of the Octopus King
 62852 | Depths:4 | Killed a caustic shrike
 62879 | Depths:4 | Killed a juggernaut
 62958 | Depths:4 | Noticed a caustic shrike
 62958 | Depths:4 | Noticed a caustic shrike
 62958 | Depths:4 | Noticed a caustic shrike
 63033 | Depths:4 | Killed a caustic shrike
 63043 | Depths:4 | Noticed a caustic shrike
 63052 | Depths:4 | Killed a caustic shrike
 63058 | Depths:4 | Killed a caustic shrike
 63090 | Depths:4 | Reached skill level 1 in Invocations
 63118 | Depths:4 | Killed a caustic shrike
 63121 | Depths:4 | Killed a caustic shrike
 63474 | Depths:4 | Reached skill level 5 in Invocations
 63554 | Depths:5 | Entered Level 5 of the Depths
 64886 | Depths:5 | Found a gate to the Realm of Zot.
 65434 | Vaults:4 | Identified a ring of the Octopus King {Wiz AC+1 EV+1 Str+1 Int+1 Dex+1} (You took it off a frost giant on level 4 of the Depths)
 65477 | Vaults:5 | Entered Level 5 of the Vaults
 65499 | Vaults:4 | Reached skill level 10 in Invocations
 65557 | Vaults:4 | Reached XP level 24. HP: 198/238 MP: 29/29
 66533 | Vaults:5 | Got a silver rune of Zot
 66534 | Vaults:5 | Paralysed by a great orb of eyes for 5 turns
 67186 | Vaults:5 | Got a slimy platinum amulet
 67194 | Vaults:5 | Identified the Catalogue of Augmentations
 67219 | Vaults:5 | Reached skill level 27 in Shields
 67305 | Vaults:5 | Got a crude glass ring
 67513 | Vaults:5 | Identified the amulet "Yrebbip" {Gourm rN+ Stlth+} (You took it off a yaktaur captain on level 5 of the Vaults)
 67515 | Vaults:5 | Identified the ring of Pith {Fire -Tele +Inv Dex+2} (You took it off a yaktaur captain on level 5 of the Vaults)
 67907 | Vaults:5 | Identified the ring of Mimeoded {MP-9 Str+3 Int+2 Dex+2} (You found it on level 5 of the Vaults)
 68425 | Vaults:4 | Killed Ysaheo's ghost
 69026 | Slime:1  | Entered Level 1 of the Pits of Slime
 69734 | Slime:1  | Reached XP level 25. HP: 194/248 MP: 29/29
 70250 | Slime:3  | Gained mutation: You are frail. (-10% HP) [a shining eye]
 70257 | Slime:3  | Gained mutation: Your magical capacity is low. (-10% MP) [a shining eye]
 70515 | Slime:5  | Entered Level 5 of the Pits of Slime
 70583 | Slime:5  | Found a viscous altar of Jiyva.
 70584 | Slime:5  | Noticed the Royal Jelly
 70624 | Slime:5  | Killed the Royal Jelly
 71557 | Slime:5  | Got a slimy rune of Zot
 71569 | Slime:5  | Found the +2 Maxwell's thermic engine {flame, freeze}
 71601 | Slime:5  | Identified the cursed +0 plate armour of Cuyhuf {+Fly rN+ Int+6} (You found it on level 5 of the Pits of Slime)
 72274 | Zot:1    | Entered Level 1 of the Realm of Zot
 73674 | Zot:2    | Got a shimmering amber ring
 73675 | Zot:2    | Identified the ring of Mistrust {*Corrode rF+ MR+ Str+3 Dex+4} (You found it on level 2 of the Realm of Zot)
 74851 | Zot:2    | Reached skill level 27 in Armour
 75216 | Zot:2    | Reached skill level 27 in Fighting
 76466 | Zot:2    | Reached XP level 26. HP: 233/236 MP: 26/26
 78659 | Zot:3    | Found a glowing golden altar of the Shining One.
 80006 | Zot:3    | Identified the Grimoire of the Zealot
 80040 | Zot:3    | Identified the Handbook of Fire and Brimstone
 80562 | Zot:4    | Found a runed gate.
 80562 | Zot:4    | Found a runed gate.
 80562 | Zot:4    | Found a runed gate.
 80728 | Zot:4    | Noticed Mepagh's ghost (legendary KoAK)
 80846 | Zot:4    | Found a transporter.
 81022 | Zot:4    | Reached XP level 27. HP: 139/242 MP: 26/26
 81552 | Zot:4    | Found a transporter.
 81840 | Zot:4    | Killed Mepagh's ghost
 81926 | Zot:4    | HP: 3/242 [death cob (14)]
 81927 | Zot:4    | HP: 1/237 [deathcap/drain life[a curse toe] (2)]
 81928 | Zot:4    | Mangled by a quicksilver dragon

Skill      XL: |  1  2  3  4  5  6  7  8  9 10 11 12 13 14 15 16 17 18 19 20 21 22 23 24 25 26 27 |
---------------+----------------------------------------------------------------------------------+-----
Long Blades    | 3 4 5 6 8 10 12 14 16 23 24 | 24.2
Armour         | 2 3 4 5 7 8 10 12 14 15 19 23 25 27 | 27.0
Fighting       | 3 4 5 6 7 9 10 14 16 17 18 19 20 21 23 24 25 27 | 27.0
Shields        | 10 14 17 19 22 25 27 | 27.0
Evocations     | 5 8 10 | 10.0
Invocations    | 10 | 10.6
Throwing       | |  1.0
Dodging        | |  2.1
Spellcasting   | |  1.3
Translocations | |  2.1

Action                   |  1- 3 |  4- 6 |  7- 9 | 10-12 | 13-15 | 16-18 | 19-21 | 22-24 | 25-27 || total
-------------------------+-------+-------+-------+-------+-------+-------+-------+-------+-------++-------
Melee: Falchion          |    94 |   171 |   176 |       |       |       |       |       |       ||   441
       Headbutt          |    13 |    27 |    70 |    98 |   352 |   478 |   561 |   490 |   357 ||  2446
       Morningstar       |       |       |   182 |   579 |  1429 |    80 |    42 |       |       ||  2312
       Scimitar          |       |       |       |       |   152 |  1883 |  1160 |       |       ||  3195
       Double sword      |       |       |       |       |       |       |   756 |  1691 |  1249 ||  3696
Invok: Fungal Bloom      |       |       |     1 |    30 |    47 |     7 |     9 |     3 |       ||    97
       Evolution         |       |       |       |       |       |       |       |     8 |       ||     8
       Growth            |       |       |       |       |       |       |       |     2 |       ||     2
Evoke: Wand              |       |       |     1 |    11 |    42 |       |       |       |       ||    54
       Phial of floods   |       |       |       |       |       |       |     3 |     1 |       ||     4
       Phantom mirror    |       |       |       |       |       |       |       |       |     1 ||     1
  Use: Scroll            |       |     8 |     5 |    13 |    11 |     7 |    16 |    17 |     7 ||    84
       Potion            |       |       |     3 |    16 |     7 |     3 |     2 |     6 |     8 ||    45
 Stab: Petrified         |       |       |       |       |     4 |       |       |       |       ||     4
       Invisible         |       |       |       |       |     2 |       |       |       |       ||     2
       Distracted        |       |       |       |       |       |       |     1 |     7 |       ||     8
  Eat: Chunk             |       |     4 |     7 |    19 |    43 |    38 |    50 |    32 |    29 ||   222
       Ration            |       |     1 |     2 |     6 |     6 |     3 |       |     1 |     3 ||    22
Armor: Chain mail        |    65 |   111 |   281 |   440 |   301 |   374 |   126 |       |       ||  1698
       Skin              |       |       |       |   116 |       |       |       |       |       ||   116
       Plate armour      |       |       |       |       |   502 |       |   169 |   318 |   277 ||  1266
       Acid dragon scale |       |       |       |       |       |       |       |     9 |    44 ||    53
Dodge: Dodged            |    41 |    72 |   184 |   299 |   283 |   265 |   196 |   190 |   166 ||  1696
Block: Large shield      |       |       |       |   322 |  2765 |  2437 |  2102 |  1853 |  1336 || 10815
       Rpst.: Falchion   |     9 |    21 |    20 |       |       |       |       |       |       ||    50
       Scimitar          |       |       |       |       |     1 |    24 |    16 |       |       ||    41
       Double sword      |       |       |       |       |       |       |    17 |    32 |    22 ||    71
